 Dungeon Crawl Stone Soup version 0.22-a0-775-ga7d80019b5 (webtiles) character file.

22128 Mirvelgyr the Cleaver (level 12, 0/101 HPs)
             Began as a Minotaur Berserker on July 18, 2018.
             Was a High Priest of Trog.
             Killed from afar by a starcursed mass (7 damage)
             ... with an accursed screaming
             ... on level 2 of the Abyss.
             The game lasted 00:24:25 (10611 turns).

Mirvelgyr the Cleaver (Minotaur Berserker)         Turns: 10611, Time: 00:24:26

Health: 0/101      AC: 22    Str: 28    XL:     12   Next: 60%
Magic:  0/11       EV: 12    Int:  4    God:    Trog [*****.]
Gold:   738        SH:  0    Dex:  9    Spells: 11/11 levels left

rFire    . . .     SeeInvis .   a - +1 hand axe (drain)
rCold    . . .     Gourm    .   (no shield)
rNeg     . . .     Faith    .   i - +0 plate armour
rPois    .         Spirit   +   (helmet restricted)
rElec    .         Reflect  .   I - +2 cloak {MR+}
rCorr    .         Harm     .   G - +0 pair of gloves
MR       +....                  y - +0 pair of boots
Stlth    ..........             o - amulet of guardian spirit
HPRegen  0.26/turn              (no ring)
MPRegen  0.12/turn              (no ring)

@: berserk cooldown, slowed, very slow
A: retaliatory headbutt, hooves 2, horns 2, frail 1, sense surroundings 1, no
potion heal 1
a: Berserk, Trog's Hand, Brothers in Arms, Renounce Religion


You were on level 2 of the Abyss.
You worshipped Trog.
Trog was extremely pleased with you.
You were very full.

You visited 2 branches of the dungeon, and saw 14 of its levels.
You visited the Abyss 1 time.
You also visited: Ossuary.

You collected 738 gold pieces.

Inventory:

Hand Weapons
 a - a +1 hand axe of draining (weapon)
Armour
 i - a +0 plate armour (worn)
 y - a +0 pair of boots (worn)
 G - a +0 pair of gloves (worn)
 I - a +2 cloak of magic resistance (worn)
Jewellery
 o - an amulet of guardian spirit (around neck)
 K - an uncursed amulet of faith {unknown}
Wands
 b - a wand of flame (29)
 k - a wand of disintegration (14)
 t - a wand of acid (14)
 x - a wand of polymorph (21)
Scrolls
 d - 5 scrolls of teleportation
 f - 2 scrolls of amnesia
 g - a scroll of fog {unknown}
 h - a scroll of magic mapping {unknown}
 j - 3 scrolls of enchant armour
 m - 11 scrolls of remove curse
 n - 3 scrolls of noise
 p - 10 scrolls of enchant weapon
 q - 7 scrolls of immolation
 r - 3 scrolls of random uselessness {unknown}
 B - a scroll of fear
 H - a scroll of blinking {unknown}
 L - a scroll of holy word {unknown}
Potions
 e - 4 potions of curing
 l - 2 potions of agility
 s - 5 potions of cancellation
 u - 3 potions of flight
 v - 2 potions of haste
 w - 4 potions of magic
 z - 2 potions of invisibility
 A - a potion of heal wounds
 C - a potion of degeneration
 D - a potion of might
 J - a potion of brilliance {unknown}
Miscellaneous
 E - a phial of floods
Comestibles
 c - 17 rations


   Skills:
 + Level 12.3 Fighting
 - Level 14.4 Axes
 + Level 12.0 Armour
 + Level 11.2 Dodging


You had 11 spell levels left.
You didn't know any spells.
Your spell library was empty.

Dungeon Overview and Level Annotations

Branches:
Dungeon (12/15)            Temple (0/1) D:7            Lair (2/6) D:10
    Orc (0/2) D:12
  Swamp: Lair:2-4    Shoals: Lair:2-4     Snake: Lair:2-4    Spider: Lair:2-4

Altars:
Cheibriados
Dithmenos
Hepliaklqana
Nemelex Xobeh
Qazlal
Trog
Wu Jian
Zin
The Shining One
Beogh

Portals:
Trove: D:10 (give horn of Geryon)

Annotations:
Lair:2 Sonja


Innate Abilities, Weirdness & Mutations

You reflexively headbutt those who attack you in melee.
You have a pair of horns on your head.
You have hoof-like feet.
You are frail. (-10% HP)
You passively map a small area around you.
Potions are less effective at restoring your health.


Message History

The starcursed mass shudders and is absorbed by its neighbour.
You hit the starcursed mass but do no damage.
You slash the large abomination!
You destroy the large abomination!
Trog accepts your kill.
You hit the starcursed mass.
The starcursed mass shudders and is absorbed by its neighbour.
A chorus of shrieks assaults your mind.
* * * LOW HITPOINT WARNING * * *
A starcursed mass splits.
You feel a strong urge to attack something.
A starcursed mass splits.
A neqoxec comes into view.
The neqoxec shouts!
You hear a bellow!
A starcursed mass splits.
You feel your anger nearly subside.
You are no longer berserk.
You are exhausted.
You feel yourself slow down.
The starcursed mass shrieks in your mind.
You die...

...#..#.#X## #....
#..#....X#X##. ...
#..#...#XX#.#..#
.# #..#.###.XX
..##. #..
#..#.###.#.... .
....#..#X#.......#
#.##.#.#.#...#..#
##...#.##..#### ..
#....@.##.## #
####.#.##.#
..#.#.#.# ### .
.#.# #. #.#3 ##
... ###


You could see a starcursed mass.

Vanquished Creatures
  The ghost of Jannitor the Destroyer, a novice DrWn of Xom (D:9)
  5 two-headed ogres
  Nergalle (Lair:1)
  An unseen horror (D:12)
  A glowing orange brain (D:9)
  5 ugly things (D:9)
  A cyclops (D:11)
  A manticore (D:12)
  A black mamba (Lair:1)
  3 spiny frogs
  2 komodo dragons
  An efreet (D:12)
  3 trolls
  A hornet (D:11)
  Prince Ribbit (D:9)
  A meliai zombie (D:11)
  A hippogriff (D:8)
  Sigmund (D:2)
  A wraith (D:11)
  A vampire (D:10)
  12 yaks
  A human (shapeshifter) (D:9)
  4 hogs (D:8)
  A human (D:8)
  2 neqoxecs (D:9)
  A hungry ghost (D:11)
  A soldier ant (shapeshifter) (D:9)
  A water moccasin (D:10)
  An ice beast (shapeshifter) (D:9)
  4 orc warriors
  A large abomination (Abyss:2)
  3 porcupines (Lair:1)
  2 necrophages
  A black bear (D:8)
  4 ice beasts
  2 small abominations (Abyss:2)
  2 phantoms
  6 ogres
  11 centaurs
  3 crocodiles
  3 big kobolds
  6 bullfrogs
  A wyvern zombie (D:12)
  3 scorpions
  5 killer bees (D:7)
  5 howler monkeys
  4 crimson imps
  2 centaur zombies
  8 jellies
  4 bullfrog zombies
  4 orc priests
  5 hounds
  A hound (shapeshifter) (D:9)
  2 centaur skeletons
  14 mummies (Ossuary)
  Terence (D:3)
  6 orc wizards
  2 iguanas
  Natasha (thrice) (D:4)
  7 worker ants
  A killer bee zombie (Ossuary)
  2 hound skeletons
  7 hound zombies
  2 howler monkey zombies
  12 adders
  A shadow imp (D:5)
  4 oozes
  2 adder zombies (Ossuary)
  2 worms
  2 dart slugs
  6 leopard geckos
  45 orcs
  2 ball pythons
  2 giant cockroaches
  7 hobgoblins
  7 jackals
  3 quokkas
  4 bats
  3 frilled lizards
  2 giant cockroach zombies (Ossuary)
  6 goblins
  A jackal zombie (Ossuary)
  10 kobolds
  3 quokka skeletons
  18 rats
336 creatures vanquished.

Vanquished Creatures (collateral kills)
  A very ugly thing (D:9)
1 creature vanquished.

Grand Total: 337 creatures vanquished

Notes
Turn   | Place    | Note
-------+----------+-------------------------------------------
     0 | D:1      | Mirvelgyr the Minotaur Berserker began the quest for the Orb.
     0 | D:1      | Reached XP level 1. HP: 19/19 MP: 0/0
   249 | D:1      | Reached XP level 2. HP: 25/27 MP: 1/1
   250 | D:1      | Reached skill level 4 in Axes
   522 | D:1      | Reached ** piety under Trog
   542 | D:1      | Reached XP level 3. HP: 33/33 MP: 2/2
   663 | D:2      | Noticed Sigmund
   674 | D:2      | Killed Sigmund
   674 | D:2      | Reached skill level 5 in Axes
   674 | D:2      | Reached XP level 4. HP: 24/41 MP: 3/3
   674 | D:2      | Reached XP level 5. HP: 28/47 MP: 4/4
  1406 | D:3      | Noticed an ogre
  1409 | D:3      | Killed an ogre
  1409 | D:3      | Reached skill level 6 in Axes
  1409 | D:3      | Reached XP level 6. HP: 55/55 MP: 5/5
  1422 | D:3      | Noticed Terence
  1426 | D:3      | Killed Terence
  1426 | D:3      | Reached skill level 5 in Fighting
  1956 | D:4      | Noticed Natasha
  1957 | D:4      | Killed Natasha
  2067 | D:4      | Reached *** piety under Trog
  2071 | D:4      | Noticed Natasha
  2093 | D:4      | Killed Natasha
  2119 | D:4      | Reached XP level 7. HP: 61/61 MP: 6/6
  2133 | D:4      | Noticed Natasha
  2141 | D:4      | Killed Natasha
  2141 | D:4      | Reached skill level 7 in Axes
  2453 | D:5      | Entered Level 5 of the Dungeon
  2500 | D:5      | Reached skill level 5 in Armour
  2647 | D:5      | Found a hazy altar of Hepliaklqana.
  2765 | D:5      | Found a glowing silver altar of Zin.
  2997 | D:6      | Found a sand-covered staircase.
  3009 | Ossuary  | Entered an ossuary
  3016 | Ossuary  | Reached skill level 5 in Dodging
  3019 | Ossuary  | Reached XP level 8. HP: 65/70 MP: 7/7
  3019 | Ossuary  | Reached skill level 8 in Axes
  3179 | Ossuary  | Reached **** piety under Trog
  3179 | Ossuary  | Received a gift from Trog
  3353 | D:6      | Found a sparkling altar of Nemelex Xobeh.
  3421 | D:6      | Reached skill level 9 in Axes
  3825 | D:6      | Gained mutation: You expend magic power (3 MP) to strengthen your wands. [potion of mutation]
  3825 | D:6      | Gained mutation: You are somewhat resistant to further mutation. [potion of mutation]
  3870 | D:6      | Found a snail-covered altar of Cheibriados.
  3908 | D:6      | Reached XP level 9. HP: 73/79 MP: 8/8
  3999 | D:7      | Found an ornate altar of the Wu Jian Council.
  4058 | D:7      | Found a stormy altar of Qazlal.
  4075 | D:7      | Reached skill level 10 in Axes
  4468 | D:7      | Found a staircase to the Ecumenical Temple.
  4620 | D:7      | Found a bloodstained altar of Trog.
  4620 | D:7      | Found a glowing golden altar of the Shining One.
  4788 | D:8      | Found a shadowy altar of Dithmenos.
  4815 | D:8      | Noticed a two-headed ogre
  4822 | D:8      | Killed a two-headed ogre
  4822 | D:8      | Reached skill level 11 in Axes
  4876 | D:8      | Reached XP level 10. HP: 75/90 MP: 7/9
  4951 | D:8      | Found a stormy altar of Qazlal.
  5488 | D:9      | Reached skill level 12 in Axes
  5505 | D:9      | Reached ***** piety under Trog
  5593 | D:9      | Noticed a two-headed ogre
  5605 | D:9      | Killed a two-headed ogre
  5931 | D:9      | Found a glowing silver altar of Zin.
  5939 | D:9      | Noticed Prince Ribbit
  5951 | D:9      | Killed Prince Ribbit
  6257 | D:9      | Noticed a two-headed ogre
  6264 | D:9      | Killed a two-headed ogre
  6350 | D:9      | Found a runed gate.
  6350 | D:9      | Found a runed gate.
  6350 | D:9      | Noticed a cyan ugly thing
  6350 | D:9      | Noticed a glowing orange brain
  6350 | D:9      | Noticed a white ugly thing
  6352 | D:9      | Noticed a cyan ugly thing
  6353 | D:9      | Found a runed gate.
  6353 | D:9      | Noticed a purple ugly thing
  6353 | D:9      | Noticed a purple ugly thing
  6354 | D:9      | Noticed a white very ugly thing
  6377 | D:9      | Received a gift from Trog
  6440 | D:9      | Killed a purple ugly thing
  6444 | D:9      | Killed a white very ugly thing
  6444 | D:9      | Reached skill level 13 in Axes
  6444 | D:9      | Reached XP level 11. HP: 99/99 MP: 8/10
  6445 | D:9      | Killed a cyan ugly thing
  6445 | D:9      | Reached skill level 10 in Fighting
  6446 | D:9      | Killed a cyan ugly thing
  6448 | D:9      | Killed a glowing orange brain
  6453 | D:9      | Killed a purple ugly thing
  6453 | D:9      | Killed a cyan ugly thing
  6471 | D:9      | Found a runed gate.
  6471 | D:9      | Found a runed gate.
  6475 | D:9      | Noticed Jannitor's ghost (novice DrWn)
  6475 | D:9      | Found a runed gate.
  6476 | D:9      | Noticed a harpy
  6544 | D:9      | Reached skill level 10 in Armour
  6790 | D:9      | Gained mutation: Scrolls take you a little longer to read. [a neqoxec]
  7057 | D:9      | Killed Jannitor's ghost
  7191 | D:10     | Entered Level 10 of the Dungeon
  7214 | D:10     | Gained mutation: You are weak. (Str -2) [mutagenic glow]
  7234 | D:10     | Reached skill level 14 in Axes
  7402 | D:10     | Lost mutation: You are somewhat resistant to further mutation. [potion of mutation]
  7402 | D:10     | Lost mutation: Scrolls take you a little longer to read. [potion of mutation]
  7402 | D:10     | Gained mutation: Potions are less effective at restoring your health. [potion of mutation]
  7402 | D:10     | Gained mutation: You are dopey. (Int -2) [potion of mutation]
  7402 | D:10     | Gained mutation: You can translocate small distances at will. [potion of mutation]
  7403 | D:10     | Lost mutation: You are dopey. (Int -2) [potion of mutation]
  7403 | D:10     | Lost mutation: You expend magic power (3 MP) to strengthen your wands. [potion of mutation]
  7403 | D:10     | Lost mutation: You can translocate small distances at will. [potion of mutation]
  7403 | D:10     | Lost mutation: You are weak. (Str -2) [potion of mutation]
  7403 | D:10     | Gained mutation: You passively map a small area around you. [potion of mutation]
  7403 | D:10     | Gained mutation: You are occasionally teleported next to monsters. [potion of mutation]
  7403 | D:10     | Gained mutation: Your flesh is heat resistant. (rF+) [potion of mutation]
  7404 | D:10     | Lost mutation: Your flesh is heat resistant. (rF+) [potion of mutation]
  7404 | D:10     | Lost mutation: You are occasionally teleported next to monsters. [potion of mutation]
  7404 | D:10     | Gained mutation: You are frail. (-10% HP) [potion of mutation]
  7404 | D:10     | Gained mutation: You have large cloven feet. [potion of mutation]
  7404 | D:10     | Gained mutation: You have hoof-like feet. [potion of mutation]
  7514 | D:10     | Found a portal to a secret trove of treasure.
  7717 | D:10     | Found a staircase to the Lair.
  7717 | D:10     | Noticed a two-headed ogre
  7730 | D:10     | Killed a two-headed ogre
  8103 | D:11     | Noticed a two-headed ogre
  8110 | D:11     | Killed a two-headed ogre
  8110 | D:11     | Reached skill level 10 in Dodging
  8110 | D:11     | Reached XP level 12. HP: 84/99 MP: 8/11
  8152 | D:11     | Found a snail-covered altar of Cheibriados.
  8659 | D:12     | Found a roughly hewn altar of Beogh.
  8659 | D:12     | Found a staircase to the Orcish Mines.
  9320 | D:12     | Noticed a great orb of eyes
  9321 | D:12     | Noticed a deep troll earth mage
  9322 | D:12     | Noticed a tengu reaver
  9322 | D:12     | Noticed a frost giant
  9443 | Lair:1   | Entered Level 1 of the Lair of Beasts
  9460 | Lair:1   | Noticed Nergalle
  9488 | Lair:1   | Killed Nergalle
 10479 | Lair:2   | Noticed Sonja
 10511 | Lair:2   | Cast into level 2 of the Abyss (Sonja)
 10565 | Abyss:2  | Noticed a starcursed mass
 10582 | Abyss:2  | Received a gift from Trog
 10599 | Abyss:2  | Paralysed by accursed screaming for 1 turns
 10604 | Abyss:2  | HP: 7/151 [starcursed mass/accursed screaming (7)]
 10611 | Abyss:2  | Killed from afar by a starcursed mass

Vault maps used:
D:1:      dpeg_arrival_windows_large_door, minmay_rat_gold_closets
D:2:      uniq_sigmund
D:3:      cheibrodos_old_hovel, first_ration, uniq_terence
D:4:      uniq_natasha
D:5:      zin_statuary, lemuel_coloured_pillars_altar
D:6:      nicolae_overflow_hidden_temple, cheibriados_altar_1,
          chequers_ossuary_entry_cave, grunt_ministairs_11
D:7:      gammafunk_temple_overflow_wave, temple_statues, basic_altar,
          grunt_qazlal_sundering
D:8:      basic_altar, grunt_livestock, nicolae_dithmenos_through_a_glass_darkly
D:9:      basic_altar, ploomutoo_gammafunk_potion_laboratory,
          uniq_prince_ribbit1
D:10:     lair_entry_dummy, enter_trove_2, hangedman_decor_growths,
          st_stairs_11, minmay_misc_feat_iff
D:11:     basic_altar
D:12:     minmay_containers, david_orc_5, kennysheep_generic_room_15
Lair:1:   grunt_megastairs_1, infiniplex_staircase_pool_2, uniq_nergalle
Lair:2:   basic_altar, ebering_ghost_disaster_area,
          grunt_forest_large_clearing_hut, lemuel_fruit_tree, uniq_sonja
Abyss:2:  serial_sigils_hangedman_gut
Ossuary:  ossuary_zaba_flooded

Skill      XL: |  1  2  3  4  5  6  7  8  9 10 11 12 |
---------------+-------------------------------------+-----
Axes           | 4 5 6 7 9 11 13 14 | 14.4
Fighting       | 4 5 6 7 8 9 11 12 | 12.3
Armour         | 3 4 5 6 8 9 10 12 | 12.0
Dodging        | 3 4 5 6 7 8 10 11 | 11.2

Action                   |  1- 3 |  4- 6 |  7- 9 | 10-12 || total
-------------------------+-------+-------+-------+-------++-------
Melee: Hand axe          |    57 |    93 |   164 |   611 ||   925
       Headbutt          |    10 |    26 |    51 |   113 ||   200
       War axe           |       |       |   112 |       ||   112
Invok: Trog's Hand       |     1 |     1 |     2 |    14 ||    18
       Berserk           |     1 |     1 |     1 |    10 ||    13
       Brothers in Arms  |       |       |       |     1 ||     1
  Use: Scroll            |       |     1 |     9 |    11 ||    21
       Potion            |       |       |     1 |     6 ||     7
  Eat: Chunk             |       |     6 |    11 |    19 ||    36
       Ration            |       |       |       |     7 ||     7
Armor: Animal skin       |     3 |       |       |       ||     3
       Leather armour    |     7 |       |       |       ||     7
       Ring mail         |       |     6 |       |       ||     6
       Scale mail        |       |    25 |   105 |   165 ||   295
       Plate armour      |       |       |       |    77 ||    77
Dodge: Dodged            |    31 |    44 |   184 |   317 ||   576

Table legend:
 A = Spawn XP
 B = Non-spawn XP
 C = Spawn XP percentage of total XP
 D = Spawn monster count
 E = Non-spawn monster count
 F = Spawn count percentage of total count
 G = Total turns spent on level
                    A         B        C        D         E        F      G
               +---------+---------+-------+---------+---------+-------+---------
         Total |     254 |   31358 |   0.8 |       2 |     335 |   0.6 | 10611
               +---------+---------+-------+---------+---------+-------+---------
           D:1 |       0 |      43 |   0.0 |       0 |      31 |   0.0 |   593
           D:2 |       0 |     278 |   0.0 |       0 |      12 |   0.0 |   770
           D:3 |       0 |     239 |   0.0 |       0 |      17 |   0.0 |   565
           D:4 |       0 |     457 |   0.0 |       0 |      17 |   0.0 |   525
           D:5 |       0 |     334 |   0.0 |       0 |      18 |   0.0 |   511
           D:6 |       0 |     821 |   0.0 |       0 |      25 |   0.0 |   730
           D:7 |       0 |    1034 |   0.0 |       0 |      19 |   0.0 |   668
           D:8 |       0 |    3009 |   0.0 |       0 |      21 |   0.0 |   739
           D:9 |       0 |    9505 |   0.0 |       0 |      37 |   0.0 |  1799
          D:10 |       0 |    3339 |   0.0 |       0 |      27 |   0.0 |   680
          D:11 |       0 |    3433 |   0.0 |       0 |      28 |   0.0 |  1027
          D:12 |       0 |    3491 |   0.0 |       0 |      36 |   0.0 |   545
        Lair:1 |       0 |    3532 |   0.0 |       0 |      15 |   0.0 |   983
        Lair:2 |       0 |    1186 |   0.0 |       0 |       3 |   0.0 |    85
       Abyss:2 |     254 |      26 |  90.7 |       2 |       1 |  66.7 |   100
       Ossuary |       0 |     631 |   0.0 |       0 |      28 |   0.0 |   291
               +---------+---------+-------+---------+---------+-------+---------
